 Dungeon Crawl Stone Soup version 0.27.1-2-g3b301248ec (webtiles) character file.

Game seed: 2292479776092816987

7959 Dexcius the Cleaver (level 11, 0/148 HPs)
             Began as a Minotaur Berserker on Sept 27, 2021.
             Was an Elder of Trog.
             Slain by a meliai (2 damage)
             ... on level 10 of the Dungeon.
             The game lasted 00:26:50 (9977 turns).

Dexcius the Cleaver (Minotaur Berserker)            Turns: 9977, Time: 00:26:51

Health: 0/148      AC: 16    Str: 24    XL:     11   Next: 3%
Magic:  10/10      EV:  8    Int:  4    God:    Trog [****..]
Gold:   383        SH:  0    Dex: 11    Spells: 10/10 levels left

rFire    . . .     SeeInvis .   n - +0 battleaxe
rCold    . . .     Faith    .   (shield currently unavailable)
rNeg     . . .     Spirit   .   l - +0 plate armour
rPois    .         Reflect  .   (helmet restricted)
rElec    .         Harm     .   b - +0 cloak
rCorr    .         Rampage  .   (no gloves)
Will     .....     Rnd*Rage +   (no boots)
Stlth    ..........             (no amulet)
HPRegen  0.34/turn              (no ring)
MPRegen  0.12/turn              (no ring)

@: berserking, very quick
A: horns 2, retaliatory headbutt, talons 1, berserk 1
a: Renounce Religion, Berserk, Trog's Hand, Brothers in Arms


You were on level 10 of the Dungeon.
You worshipped Trog.
Trog was greatly pleased with you.
You visited 1 branch of the dungeon, and saw 10 of its levels.
You also visited: Ossuary.

You collected 383 gold pieces.

Inventory:

Hand Weapons
 f - a +1 mace of protection
 g - a +1 war axe
 n - a +0 battleaxe (weapon)
Armour
 b - a +0 cloak (worn)
 l - a +0 plate armour (worn)
Wands
 c - a wand of polymorph (13)
Scrolls
 d - 7 scrolls of identify
 p - a scroll of teleportation
Potions
 a - a potion of invisibility
 e - 8 potions of curing
 h - a potion of cancellation
 i - 2 potions of heal wounds
 j - 4 potions of flight
 k - 3 potions of haste
 m - a potion of resistance


   Skills:
 + Level 9.7 Fighting
 + Level 14.0 Axes
 + Level 10.6 Armour
 + Level 3.4 Dodging
 + Level 1.3 Stealth
 + Level 2.4 Evocations


You had 10 spell levels left.
You didn't know any spells.
Your spell library was empty.

Dungeon Overview and Level Annotations

Branches:
Dungeon (10/15)            Temple (0/1) D:5         Ossuary (visited)
   Lair: D:8-11         Orc: D:9-12

Altars:
Ashenzari
Dithmenos
Elyvilon
Fedhas
Kikubaaqudgha
Sif Muna
Trog
Uskayaw
Wu Jian
Xom
The Shining One

Shops:
D:7 [


Innate Abilities, Weirdness & Mutations

You have a pair of horns on your head.
You reflexively headbutt those who attack you in melee.
You have sharp toenails.
You tend to lose your temper in combat.


Message History

* * * LOW HITPOINT WARNING * * *
The meliai stings you but does no damage.
You miss the meliai. Your kick misses the meliai. You closely miss the meliai.
The meliai hits you with a +0 war axe!
* * * LOW HITPOINT WARNING * * *
The meliai stings you.
* * * LOW HITPOINT WARNING * * *
The meliai calls upon its god to heal the meliai.
The meliai's wounds heal themselves!
The meliai barely misses you.
The meliai stings you but does no damage.
You closely miss the meliai. Your kick misses the meliai.
Your headbutt misses the meliai. You hit the meliai.
The meliai mumbles some strange prayers to its god against you.
Something smites you!
* * * LOW HITPOINT WARNING * * *
The meliai barely misses you. You furiously retaliate!
You headbutt the meliai! The meliai stings you.
* * * LOW HITPOINT WARNING * * *
You slash the meliai! Your kick misses the meliai.
The meliai is moderately wounded.
You slash the meliai!
You kill the meliai!
Trog accepts your kill. The meliai closely misses you. The meliai stings you.
* * * LOW HITPOINT WARNING * * *
The meliai hits you but does no damage.
The meliai stings you but does no damage.
Your Axes skill increases to level 14!
You have reached level 11!
You slice the meliai!!
You kill the meliai!
Trog accepts your kill.
You miss the meliai. The meliai hits you but does no damage.
The meliai completely misses you.
You barely miss the meliai. Your kick misses the meliai.
The meliai barely misses you. The meliai closely misses you.
You slash the meliai! Your kick misses the meliai.
The meliai is severely wounded.
The meliai hits you with a +0 hand axe.
You die...

### #.#####
#####<....###
#...........###
#..............
##.........#..
#..#..#)@..#
......$##)y.......
..................
#........#........
##.......##.......
#....... .......
...... .......
..... #......


You could see a meliai.

Vanquished Creatures
  4 two-headed ogres
  Pikel (D:8)
  2 meliai (D:10)
  Sigmund (D:4)
  A wraith (D:9)
  Eustachio (D:4)
  3 yaks (D:9)
  The ghost of tygarin the Insei, an amateur GnTm (D:3)
  A steam dragon (D:8)
  An acid dragon (D:9)
  A water moccasin (D:5)
  A sky beast (D:7)
  3 centaurs
  A phantom (D:6)
  2 bullfrogs
  2 kobold brigands
  3 scorpions
  7 water moccasin zombies
  A water moccasin skeleton (D:5)
  11 killer bees
  2 howler monkeys (D:8)
  4 centaur zombies
  A bullfrog zombie (D:6)
  4 hounds
  2 jellies
  2 orc priests
  A bullfrog skeleton (D:4)
  A centaur skeleton (D:7)
  7 iguanas
  8 orc wizards
  3 mummies
  2 howler monkey zombies
  A howler monkey skeleton (D:5)
  10 adders
  A shadow imp (D:6)
  A white imp (D:7)
  6 adder zombies (Ossuary)
  An adder skeleton (D:4)
  A worm (D:2)
  A dart slug (D:4)
  17 orcs
  3 endoplasms
  2 giant cockroaches
  5 goblins
  7 hobgoblins
  7 jackals
  13 kobolds
  3 quokkas
  5 ball pythons
  2 bats
  3 frilled lizards
  2 gnoll zombies (Ossuary)
  4 hobgoblin zombies (Ossuary)
  2 kobold zombies (Ossuary)
  5 orc zombies
  7 rats
194 creatures vanquished.

Notes
Turn   | Place    | Note
-------+----------+-------------------------------------------
     0 | D:1      | Dexcius the Minotaur Berserker began the quest for the Orb.
     0 | D:1      | Reached XP level 1. HP: 19/19 MP: 0/0
   249 | D:1      | Reached XP level 2. HP: 25/27 MP: 1/1
   867 | D:2      | Reached skill level 4 in Axes
   869 | D:2      | HP: 1/27 [poisoned by an adder]
  1232 | D:2      | Found a faded altar of an unknown god.
  1560 | D:2      | Reached XP level 3. HP: 27/33 MP: 2/2
  2213 | D:3      | Reached ** piety under Trog
  2230 | D:3      | Found an ancient bone altar of Kikubaaqudgha.
  2239 | D:3      | Found a runed translucent gate.
  2239 | D:3      | Found a runed translucent gate.
  2239 | D:3      | Found a runed translucent gate.
  2240 | D:3      | Noticed tygarin's ghost (amateur GnTm)
  2252 | D:3      | Killed tygarin's ghost
  2253 | D:3      | Reached skill level 5 in Axes
  2253 | D:3      | Reached XP level 4. HP: 41/41 MP: 3/3
  2253 | D:3      | Reached XP level 5. HP: 47/47 MP: 4/4
  2489 | D:3      | Found a broken altar of Ashenzari.
  2508 | D:3      | Reached skill level 6 in Axes
  2996 | D:4      | Reached skill level 5 in Fighting
  2996 | D:4      | Reached XP level 6. HP: 31/56 MP: 5/5
  3287 | D:4      | Reached skill level 5 in Armour
  3377 | D:4      | Noticed Eustachio
  3398 | D:4      | Killed Eustachio
  3399 | D:4      | Reached skill level 7 in Axes
  3399 | D:4      | Reached XP level 7. HP: 37/61 MP: 6/6
  3950 | D:4      | Found a hide-covered altar of Uskayaw.
  4079 | D:4      | Found a shadowy altar of Dithmenos.
  4114 | D:4      | Noticed Sigmund
  4125 | D:4      | Killed Sigmund
  4344 | D:5      | Entered Level 5 of the Dungeon
  4361 | D:5      | Found a staircase to the Ecumenical Temple.
  4413 | D:5      | Reached skill level 8 in Axes
  4593 | D:5      | Reached skill level 1 in Evocations
  4593 | D:5      | Reached XP level 8. HP: 61/70 MP: 7/7
  4778 | D:5      | Gained mutation: You have sharp toenails. [potion of
                  | mutation]
  4778 | D:5      | Gained mutation: You tend to lose your temper in combat.
                  | [potion of mutation]
  4900 | D:5      | Reached *** piety under Trog
  5015 | D:5      | Found a shimmering altar of Xom.
  5696 | D:6      | Reached skill level 9 in Axes
  6287 | D:7      | Found a sand-covered staircase.
  6294 | Ossuary  | Entered an ossuary
  6390 | Ossuary  | Reached XP level 9. HP: 77/79 MP: 8/8
  6435 | Ossuary  | Reached **** piety under Trog
  6645 | D:7      | Reached skill level 10 in Axes
  6801 | D:7      | Found Xeomnuacs's Armour Boutique.
  6920 | D:7      | Found a bloodstained altar of Trog.
  7117 | D:7      | Found a glowing golden altar of the Shining One.
  7515 | D:8      | Reached skill level 11 in Axes
  7792 | D:8      | Noticed Pikel
  7798 | D:8      | Killed Pikel
  8260 | D:9      | Reached skill level 12 in Axes
  8430 | D:9      | Reached XP level 10. HP: 87/90 MP: 9/9
  8631 | D:9      | Noticed a two-headed ogre
  8638 | D:9      | Killed a two-headed ogre
  8639 | D:9      | Reached skill level 1 in Stealth
  8944 | D:9      | Noticed a two-headed ogre
  8953 | D:9      | Killed a two-headed ogre
  8954 | D:9      | Reached skill level 13 in Axes
  9061 | D:9      | Noticed a two-headed ogre
  9068 | D:9      | Killed a two-headed ogre
  9069 | D:9      | Reached skill level 10 in Armour
  9376 | D:9      | Found a white marble altar of Elyvilon.
  9379 | D:9      | Found a shimmering blue altar of Sif Muna.
  9381 | D:9      | Found an ornate altar of the Wu Jian Council.
  9947 | D:9      | Found a blossoming altar of Fedhas.
  9961 | D:10     | Entered Level 10 of the Dungeon
  9962 | D:10     | Noticed a two-headed ogre
  9970 | D:10     | Killed a two-headed ogre
  9973 | D:10     | HP: 6/136 [meliai (3)]
  9974 | D:10     | HP: 1/136 [meliai (5)]
  9975 | D:10     | Reached skill level 14 in Axes
  9975 | D:10     | Reached XP level 11. HP: 1/97 MP: 10/10
  9977 | D:10     | Slain by a meliai

Illustrated notes

Levels and vault maps discovered:
D:1:      dpeg_arrival_lava_temple_mockup, layout_basic
D:2:      layout_basic, hellmonk_ecumenical_altar_crossroads
D:3:      layout_basic, mainiacjoe_overflow_brackets,
          mainiacjoe_overflow_boulevard, gammafunk_ghost_split,
          chequers_hall_statues_y
D:4:      layout_gridville, kennysheep_little_box,
          eat_drink_and_be_merry_uskayaw, minmay_fractal_squares_5,
          uniq_eustachio, uniq_sigmund
D:5:      layout_rooms, tgw_xom, minmay_temple_entry_ruins, kennysheep_diamond,
          grunt_decor_resistance, grunt_ministairs_7
D:6:      layout_loops_cross, minmay_statues_item, minmay_misc_feat_cross
D:7:      layout_loops_ring, trog_book, marbit_many_paths,
          nicolae_ossuary_entry_giza, nicolae_stop_n_shop_1,
          kennysheep_small_circle
D:8:      layout_basic, uniq_pikel
D:9:      layout_grid_maze, grunt_temple_overflow_diamond, lemuel_tele_altar
D:10:     minmay_spotlight, layout_cave_pools, due_lair_maze_entry_diamond,
          orc_0_dummy, kennysheep_generic_room_3

Skill      XL: |  1  2  3  4  5  6  7  8  9 10 |
---------------+-------------------------------+-----
Fighting       | 4 5 6 7 8 9 |  9.7
Axes           | 4 5 6 7 8 9 12 14 | 14.0
Armour         | 3 4 5 6 8 9 10 | 10.6
Dodging        | 3 |  3.4
Evocations     | 1 2 |  2.4
Stealth        | 1 |  1.3

Action                   |  1- 3 |  4- 6 |  7- 9 | 10-12 || total
-------------------------+-------+-------+-------+-------++-------
Melee: Hand axe          |    58 |    59 |       |       ||   117
       Headbutt          |    10 |    20 |    51 |    16 ||    97
       War axe           |       |    18 |   286 |       ||   304
       Kick              |       |       |    77 |    14 ||    91
       Battleaxe         |       |       |    13 |    51 ||    64
Invok: Berserk           |     1 |     1 |     2 |     1 ||     5
Evoke: Wand              |       |       |    18 |       ||    18
  Use: Potion            |     6 |     1 |     8 |       ||    15
       Scroll            |     1 |     2 |     7 |     2 ||    12
Armor: Chain mail        |    21 |    45 |    22 |       ||    88
       Plate armour      |       |       |   157 |    51 ||   208
Dodge: Dodged            |    32 |    49 |   126 |    50 ||   257
